AoeStats
← jebatey94

Arena

509001934Analyzed
3v3 RM · 8d ago on Sep 25, 2026· 93m 8s· 6 players
Game mode
Random Map
Map size
Normal (6 player)
Population
200
Speed
Normal
Resources
Standard
Victory
Conquest
Starting age
Dark Age
Ending age
Imperial Age
RankedLock teamsTeams togetherTeam positionsShared explorationLock speedFull tech treeHidden civsTurbo modeCheats
Victory
Defeat
🇨🇱 Teutons · Chile
936
+11
🇨🇱 Varangians · Chile
892
+13
829
+15
🇺🇸 Bohemians · United States
851
-14
🇺🇸 Bohemians · United States
837
-14
🇺🇸 Bohemians · United States
759
-11
dollabillzz_billyGOAT
0:34 Loom
11:50 Feudal Age
12:36 Horse Collar
12:44 Double-Bit Axe
13:49 Wheelbarrow
20:14 Castle Age
21:05 Heavy Plow
21:18 Bow Saw
28:00 Hand Cart
27:13 Pikeman
27:54 Squires
31:41 Imperial Age
30:18 Town Watch
32:00 Chemistry
31:23 Ballistics
32:47 Town Patrol
32:45 Murder Holes
33:17 Fortified Wall
35:25 Conscription
35:12 Wagenburg Tactics
36:19 Two-Man Saw
38:25 Houfnice
40:54 Halberdier
41:39 Scale Mail Armor
41:51 Forging
41:31 Fletching
42:36 Caravan
42:32 Elite Hussite Wagon
43:54 Siege Engineers
43:35 Arrowslits
44:01 Masonry
45:38 Iron Casting
45:25 Chain Mail Armor
48:08 Plate Mail Armor
48:38 Blast Furnace
47:34 Bodkin Arrow
48:11 Architecture
65:35 Husbandry
64:56 Cavalier
71:03 Light Cavalry
Thejrb4
11:20 Feudal Age
13:03 Double-Bit Axe
16:04 Castle Age
17:54 Horse Collar
21:18 Fletching
21:09 Pikeman
23:34 Squires
26:32 Murder Holes
26:30 Loom
33:35 Bow Saw
34:11 Arson
36:34 Masonry
43:02 Heavy Plow
43:36 Fortified Wall
43:47 Ballistics
44:28 Chemistry
43:34 Bodkin Arrow
43:50 Forging
44:12 Caravan
45:38 Wheelbarrow
46:02 Iron Casting
48:21 Wagenburg Tactics
48:33 Town Watch
53:05 Imperial Age
51:30 Scale Mail Armor
53:15 Houfnice
57:55 Conscription
67:26 Elite Hussite Wagon
73:33 Two-Man Saw
80:32 Light Cavalry
81:44 Halberdier
90:08 Elite Skirmisher
jebatey94
10:24 Feudal Age
16:06 Castle Age
14:17 Double-Bit Axe
14:28 Horse Collar
19:42 Light Cavalry
21:46 Scale Barding Armor
25:25 Bow Saw
25:16 Heavy Plow
30:09 Imperial Age
28:07 Loom
30:09 Chemistry
33:31 Wheelbarrow
33:49 Squires
33:40 Arson
33:49 Pikeman
34:43 Forging
35:54 Scale Mail Armor
36:43 Murder Holes
37:26 Halberdier
38:59 Iron Casting
38:40 Chain Mail Armor
41:38 Houfnice
43:35 Hand Cart
45:20 Two-Man Saw
46:26 Plate Mail Armor
46:56 Blast Furnace
51:09 Fletching
Gelblich
11:51 Feudal Age
15:44 Castle Age
13:49 Double-Bit Axe
23:59 Loom
24:50 Wheelbarrow
25:28 Forging
27:00 Hand Cart
29:46 Bloodlines
30:44 Iron Casting
30:15 Scale Barding Armor
34:28 Imperial Age
32:38 Pikeman
33:19 Squires
34:09 Scale Mail Armor
34:01 Fletching
35:05 Capped Ram
37:44 Cavalier
38:38 Horse Collar
39:11 Bow Saw
38:54 Gold Mining
38:55 Stone Mining
38:56 Elite Teutonic Knight
42:51 Crenellations
42:52 Conscription
43:11 Caravan
43:26 Paladin
44:52 Town Watch
46:09 Blast Furnace
45:25 Chain Mail Armor
45:12 Padded Archer Armor
49:40 Chemistry
49:02 Ballistics
48:48 Siege Engineers
48:53 Masonry
48:56 Fortified Wall
49:19 Plate Mail Armor
48:45 Bodkin Arrow
49:06 Leather Archer Armor
49:12 Chain Barding Armor
51:19 Halberdier
53:54 Plate Barding Armor
53:50 Ring Archer Armor
56:23 Ironclad
65:26 Guilds
67:03 Two-Man Saw
87:05 Coinage
87:39 Arson
The_br4ve ®
12:06 Feudal Age
16:04 Castle Age
16:30 Stone Mining
18:05 Double-Bit Axe
18:59 Horse Collar
23:48 Loom
24:44 Town Watch
27:47 Forging
29:06 Wheelbarrow
32:46 Iron Casting
33:04 Husbandry
34:47 Gold Mining
35:25 Bloodlines
35:31 Heavy Plow
37:46 Scale Barding Armor
39:15 Vendel Legacy
41:27 Bow Saw
42:52 Hand Cart
42:46 Gambesons
47:56 Imperial Age
47:48 Scale Mail Armor
47:56 Murder Holes
50:21 Blast Furnace
49:28 Elite Jarl
49:37 Capped Ram
52:27 Chain Barding Armor
53:14 Cavalier
55:35 Plate Barding Armor
55:33 Siege Engineers
58:36 Siege Ram
70:58 Two-Man Saw
70:30 Crop Rotation
70:30 Town Patrol
71:42 Caravan
76:53 Arson
77:33 Elite Varangian Guard
El Cachero de las Pampas
11:21 Feudal Age
12:46 Wheelbarrow
17:00 Castle Age
15:04 Double-Bit Axe
16:56 Stone Mining
19:46 Bow Saw
20:51 Loom
22:54 Gold Mining
27:41 Wheelbarrow
28:50 Hand Cart
30:21 Forging
31:24 Town Watch
33:08 Treadmill Crane
33:39 Masonry
36:12 Imperial Age
33:33 Pikeman
34:53 Iron Casting
34:19 Scale Mail Armor
34:19 Loom
34:36 Town Patrol
35:33 Gold Shaft Mining
35:53 Scale Barding Armor
36:34 Capped Ram
38:23 Blast Furnace
37:44 Chain Barding Armor
38:08 Cavalier
42:43 Fortified Wall
43:35 Chemistry
42:32 Murder Holes
44:09 Conscription
44:28 Elite Skirmisher
45:19 Padded Archer Armor
45:09 Fletching
47:11 Bodkin Arrow
47:34 Leather Archer Armor
47:54 Plate Barding Armor
47:36 Chain Mail Armor
47:50 Leather Archer Armor
48:11 Plate Barding Armor
47:54 Chain Mail Armor
48:13 Chivalry
49:31 Caravan
50:04 Plate Mail Armor
51:58 Hoardings
51:01 Paladin
51:45 Husbandry
51:06 Light Cavalry
55:58 Architecture
55:33 Siege Engineers
55:50 Ballistics
55:48 Fervor
62:02 Coinage
63:21 Halberdier
63:49 Gambesons
64:05 Squires
63:51 Arson
Connection lost

Rejoining the realm…

Still unreachable

The connection could not be restored.

Session expired

The server has moved on; the page needs a fresh start.